 Dungeon Sprint DCSS version 0.17-a0-1718-g72dbe4d (webtiles) character file.

1102 nuthulu the Fighter (level 8, -1/62 HPs)
             Began as a Gargoyle Fighter on Aug 26, 2015.
             Was an Initiate of Okawaru.
             Slain by Snorg (20 damage)
             ... in the Dungeon (Sprint III: "The Ten Rune Challenge").
             The game lasted 00:02:46 (1412 turns).

nuthulu the Fighter (Gargoyle Fighter)              Turns: 1412, Time: 00:02:46

Health: -1/62      AC: 13    Str: 20    XL:     8   Next: 32%
Magic:  8/8        EV:  8    Int: 11    God:    Okawaru [......]
Gold:   35         SH: 10    Dex: 13    Spells: 0 memorised, 7 levels left

rFire  . . .     SeeInvis .     a - +0 flail
rCold  . . .     Clarity  .     b - +0 scale mail
rNeg   + . .     SustAt   .     c - +0 shield
rPois  ∞         Gourm    .     (no helmet)
rElec  +         Spirit   .     (no cloak)
rCorr  .         Warding  .     (no gloves)
rMut   .         NoTele   +     (no boots)
MR     +....                    (no amulet)
Stlth  ..........               (no ring)
                                (no ring)

@: very slightly contaminated, hasted, very quick, somewhat resistant to hostile
enchantments, extremely unstealthy
A: thin skeletal structure 1, clever 1, magic resistance 1, negative energy
resistance 1, electricity resistance, unbreathing, petrification resistance, rot
immunity, AC +5
a: Renounce Religion


You were in the Dungeon.
You worshipped Okawaru.
Okawaru was noncommittal.
You were hungry.

You visited 1 branch You collected 35 gold pieces.

Inventory:

Hand weapons
 a - a +0 flail (weapon)
Armour
 b - a +0 scale mail (worn)
 c - a +0 shield (worn)
Magical devices
 s - a wand of polymorph (6)
Scrolls
 k - a scroll of blinking
 l - a scroll of immolation {unknown}
 m - 2 scrolls of identify
 q - a scroll of holy word {unknown}
 r - 2 scrolls of magic mapping {unknown}
Potions
 d - a potion of mutation
 f - 3 potions of curing
 i - 2 potions of magic
 o - 2 potions of cure mutation
 p - 2 potions of flight
Comestibles
 e - a bread ration
 n - 2 royal jellies


   Skills:
 + Level 12.5 Fighting
 + Level 11.5 Maces & Flails
 + Level 6.8 Armour
 + Level 6.8 Shields


You had 7 spell levels left.
You didn't know any spells.

Dungeon Overview and Level Annotations

Branches:
Dungeon (1/1)

Altars:
Cheibriados
Dithmenos
Elyvilon
Fedhas
Gozag
Kikubaaqudgha
Makhleb
Nemelex Xobeh
Okawaru
Qazlal
Ru
Sif Muna
Trog
Vehumet
Xom
Yredelemnul
Zin
The Shining One
Jiyva
Lugonu

Annotations:
D Snorg


Innate Abilities, Weirdness & Mutations

You are resistant to torment.
Your stone body is resilient (AC +5).
You are immune to poison.
You resist negative energy.
You are resistant to electric shocks.
You can survive without breathing.
You are immune to petrification.
You are immune to rotting.
You have a somewhat thin skeletal structure (Dex +2, Stealth).
Your mind is acute. (Int +2)
You are resistant to hostile enchantments.


Message History

Snorg claws you but does no damage. Snorg completely misses you.
You hit Snorg but do no damage.
Snorg is lightly wounded.
Snorg bites you but does no damage. Snorg claws you but does no damage.
You block Snorg's attack.
Drink which item? (? for menu, Esc to quit)
You feel much better. Snorg bites you! Snorg claws you!
You block Snorg's attack.
You hit Snorg but do no damage.
Snorg is lightly wounded.
Snorg barely misses you. Snorg claws you but does no damage.
You block Snorg's attack.
You barely miss Snorg.
Snorg is lightly wounded.
You block Snorg's attack. Snorg claws you but does no damage.
Snorg claws you but does no damage.
You closely miss Snorg.
Snorg is lightly wounded.
Snorg bites you!!
You die...

♣ ♣.############ ♣♣
♣♣.#___#__[#__# .♣
..#)..#)..#._#
≈♣♣♣♣♣.###'#'###)##
≈.♣..♣.#..........#
≈≈♣♣.♣.+.⌠........#
≈≈≈≈.♣.#...######'#
≈≈≈....#.⌠.#__#...#+#####
≈≈.....#:..#__#.@.#.T≈§≈+
.......#)###__#..T#.#§§≈#
.......#...#__#...'.#§§§#
.......#___#_.'...#.#.§§#
▓▓▓▓▓▓▓▓▓▓▓▓▓▓▓▓▓▓▓▓▓▓▓▓▓


You could see Snorg (berserk).

Vanquished Creatures
  A deep elf priest (D)
  A shadow (D)
  A spatial vortex (D)
  A necrophage (D)
  A water elemental (D)
  A scorpion (D)
  A jelly (D)
  A wizard (D)
  Jessica (D)
  A necromancer (D)
  3 humans (D)
  A kobold demonologist (D)
  An ooze (D)
  2 rats (D)
17 creatures vanquished.

Vanquished Creatures (others)
  2 draconian scorchers (D)
  3 yaktaurs (D)
  3 plants (D)
8 creatures vanquished.

Grand Total: 25 creatures vanquished

Notes
Turn   | Place    | Note
--------------------------------------------------------------
     0 | D        | nuthulu the Gargoyle Fighter began the quest for the Orb.
     0 | D        | Reached XP level 1. HP: 14/14 MP: 1/1
     9 | D        | Reached skill level 4 in Fighting
    50 | D        | Noticed Jessica
    52 | D        | Killed a yaktaur
    56 | D        | Killed Jessica
    56 | D        | Reached skill level 5 in Fighting
    56 | D        | Reached XP level 2. HP: 3/22 MP: 2/2
    56 | D        | Reached XP level 3. HP: 3/27 MP: 3/3
    57 | D        | HP: 1/27 [rat (2)]
    73 | D        | Killed a yaktaur
   218 | D        | Killed a white draconian scorcher
   249 | D        | Killed a white draconian scorcher
   377 | D        | Reached skill level 6 in Fighting
   377 | D        | Reached skill level 5 in Maces & Flails
   434 | D        | Noticed a scorpion
   442 | D        | Killed a scorpion
   442 | D        | Reached skill level 7 in Fighting
   442 | D        | Reached XP level 4. HP: 34/34 MP: 4/4
   459 | D        | Gained mutation: Your mind is acute. (Int +2) [potion of mutation]
   459 | D        | Gained mutation: You are resistant to hostile enchantments. [potion of mutation]
   459 | D        | Gained mutation: You have a somewhat thin skeletal structure (Dex +2, Stealth). [potion of mutation]
   474 | D        | Noticed a water elemental
   480 | D        | Killed a water elemental
   480 | D        | Reached skill level 8 in Fighting
   480 | D        | Reached XP level 5. HP: 17/40 MP: 5/5
   630 | D        | Found a radiant altar of Vehumet.
   630 | D        | Found a deep blue altar of Sif Muna.
   630 | D        | Found an ancient bone altar of Kikubaaqudgha.
   630 | D        | Noticed a wizard
   639 | D        | Killed a wizard
   639 | D        | Reached skill level 9 in Fighting
   707 | D        | Found a glowing silver altar of Zin.
   708 | D        | Found a glowing golden altar of the Shining One.
   708 | D        | Found a white marble altar of Elyvilon.
   708 | D        | Noticed a deep elf priest
   729 | D        | Killed a deep elf priest
   729 | D        | Reached skill level 11 in Fighting
   729 | D        | Reached skill level 10 in Maces & Flails
   729 | D        | Reached XP level 6. HP: 15/49 MP: 6/6
   938 | D        | Found a basalt altar of Yredelemnul.
   938 | D        | Found a snail-covered altar of Cheibriados.
   938 | D        | Found a blossoming altar of Fedhas.
   938 | D        | Noticed a necrophage
   938 | D        | Noticed a necromancer
   942 | D        | Killed a necromancer
   942 | D        | Reached XP level 7. HP: 50/54 MP: 7/7
   951 | D        | Killed a necrophage
   969 | D        | Noticed a jelly
   970 | D        | Noticed a shadow
   980 | D        | Killed a shadow
   980 | D        | Reached skill level 5 in Armour
   980 | D        | Reached skill level 5 in Shields
   984 | D        | Killed a jelly
   984 | D        | Reached skill level 12 in Fighting
  1035 | D        | Killed a yaktaur
  1142 | D        | Found an iron altar of Okawaru.
  1143 | D        | Found a bloodstained altar of Trog.
  1143 | D        | Noticed a human
  1143 | D        | Noticed a human
  1155 | D        | Killed a human
  1155 | D        | Reached XP level 8. HP: 60/60 MP: 8/8
  1159 | D        | Killed a human
  1189 | D        | Became a worshipper of Warmaster Okawaru
  1234 | D        | Found a stormy altar of Qazlal.
  1234 | D        | Noticed a spatial vortex
  1235 | D        | Found a sacrificial altar of Ru.
  1235 | D        | Found a burning altar of Makhleb.
  1235 | D        | Found a viscous altar of Jiyva.
  1235 | D        | Found a shimmering altar of Xom.
  1235 | D        | Found a shadowy altar of Dithmenos.
  1235 | D        | Found a sparkling altar of Nemelex Xobeh.
  1235 | D        | Found a corrupted altar of Lugonu.
  1235 | D        | Found an opulent altar of Gozag.
  1260 | D        | Killed a spatial vortex
  1392 | D        | Noticed Snorg
  1412 | D        | Slain by Snorg

Vault maps used:
D:        dungeon_sprint_mu

Action                   |  1- 3 |  4- 6 |  7- 9 || total
-------------------------+-------+-------+-------++-------
Melee: Flail             |    33 |    44 |    56 ||   133
  Use: Potion            |     1 |     1 |     3 ||     5
       Scroll            |       |     1 |       ||     1
  Eat: Royal jelly       |       |       |     1 ||     1
